Unix NetHack Version 5.0.0-0 post-release - last build Jun 10 2026 00:39:30 (3ee93aec679c4c4259841fe613dc97188e26a321,branch:main).

Game began 2026-06-27 21:10:27, ended 2026-06-27 21:52:07.

Daltwisney, chaotic female elven Wizard

                                                          -----
                                                     --..--.|.|.
                                                  ----...........
                                                 --..............
                                               ---...............
                                     ...--    --..................
                                   ......|    |.........%.[....@..
                    ...       |..........---  --....|...---%..ddd.
                  ---...-------............|   --..---..|---.|)d..
                  ....[.....--..........--%---     -------...|....
                  --.....--.%..--....|.  |...|    --.......--|[...
                   |...------.----..-    ---.--- --..------- --...
                .---^.       .-            |...---..--         -.
                .....-                     --......--
                ....--                      --------
             ......-
             -.....|
             |.....
             |....-
             --<---
              ---
Daltwisney the Thaumaturge  St:8 Dx:16 Co:14 In:20 Wi:9 Ch:8  Chaotic
Dlvl:6  $:41 HP:0(41) Pw:3(73) AC:5  Xp:6 T:2655  Burdened

Latest messages:
 In what direction? 4
 You kill the gnome!
 You kill the gnome!
 You kill the gnome!
 The dwarf throws a dagger!
 You are hit by a dagger.
 The dwarf picks up a dagger.
 The gnome throws a dart!
 The dart hits the dwarf.
 In what direction? 4
 You kill the dwarf!
 You kill the gnome!
 There are several objects here.
 You have a little trouble lifting K - an elven dagger.
 You see here 2 darts.
 You have a little trouble lifting L - 2 darts.
 You see here a gnome corpse.
 You see here a scroll labeled ANDOVA BEGARIN.
 You have a little trouble lifting M - a scroll labeled ANDOVA BEGARIN.
 You see here a light blue spellbook.
 You have a little trouble lifting N - a light blue spellbook.
 What do you want to read? [lmpqtzBEFHMN or ?*] N
 You begin to memorize the runes.
 You add the "haste self" spell to your repertoire, as 'e'.
 The dwarf throws a dagger!
 The gnome is hit.
 In what direction? 2
 You kill the gnome!
 You kill the dwarf!
 You see here a dagger.
 You have a little trouble lifting O - a clear potion.
 The wolf bites!
 You miss the wolf.
 The wolf bites!
 The wolf bites!
 You shock the wolf!
 You shock the wolf!
 You shock the wolf!
 You shock the wolf!
 The wolf bites!
 The wolf bites!
 The wolf bites!
 The wolf bites!
 The wolf bites!
 You die...
 Do you want your possessions identified? [ynq] (y) y
 Do you want to see your attributes? [ynq] (y) n
 Do you want an account of creatures vanquished? [ynaq] (y) n
 Do you want to see your conduct and achievements? [ynq] (y) n
 Do you want to see the dungeon overview? [ynq] (y) n

Inventory:
 Coins    ('$')
  $ - 41 gold pieces
 Weapons  (')')
  L - 2 +1 darts
  j - 15 +0 darts (at the ready)
  r - a +1 dagger
  D - 2 +0 daggers
  K - a cursed +0 elven dagger
  a - a blessed +1 quarterstaff (weapon in hands)
 Armor    ('[')
  w - an uncursed rusty +0 dwarvish iron helm (being worn)
  C - an uncursed +0 pair of iron shoes
  b - a blessed +3 cloak of magic resistance (being worn)
 Comestibles  ('%')
  I - 2 uncursed food rations
 Scrolls  ('?')
  E - an uncursed scroll of create monster
  F - an uncursed scroll of enchant weapon
  M - a blessed scroll of identify
  B - an uncursed scroll of remove curse
  q - an uncursed scroll of scare monster
  z - an uncursed scroll of scare monster
  p - an uncursed scroll of teleportation
 Spellbooks  ('+')
  H - an uncursed spellbook of chain lightning
  l - a blessed spellbook of force bolt
  N - an uncursed spellbook of haste self
  t - an uncursed spellbook of magic missile
  m - an uncursed spellbook of slow monster
 Potions  ('!')
  h - an uncursed potion of blindness
  k - an uncursed potion of healing
  u - an uncursed potion of monster detection
  g - an uncursed potion of restore ability
  f - an uncursed potion of sickness
  O - a potion of holy water
 Rings    ('=')
  e - an uncursed ring of free action (on left hand)
  d - an uncursed ring of regeneration
 Wands    ('/')
  c - a wand of digging (0:5)
  A - a wand of wishing (0:1)
 Tools    ('(')
  o - an uncursed tooled horn
  n - a magic marker (0:11)
  s - an uncursed stethoscope
  x - an uncursed tin whistle
  J - an uncursed partly used wax candle (lit)

Daltwisney the Wizard's attributes:

Background:
 You were a Thaumaturge, a level 6 female elven Wizard.
 You were chaotic, on a mission for Anhur
 who was opposed by Ptah (lawful) and Thoth (neutral).
 You were right-handed.
 You were in the Gnomish Mines, on level 6.
 You entered the dungeon 2655 turns ago.
 You had 452 experience points, 188 more were needed to attain level 7.

Basics:
 You had 0 out of 41 hit points.
 You had 3 out of 73 energy points (spell power).
 Your armor class was 5.
 Your wallet contained 41 zorkmids.
 Autopickup was off.

Final Characteristics:
 Your strength was 8 (limit:18).
 Your dexterity was 16 (limit:18).
 Your constitution was 14 (limit:16).
 Your intelligence was 20 (limit:20).
 Your wisdom was 9 (limit:20).
 Your charisma was 8 (limit:18).

Final Status:
 You weren't hungry.
 You were burdened; movement was slightly slowed.
 You were wielding a quarterstaff.
 You had basic skill with quarterstaff.

Final Attributes:
 You were piously aligned.
 You were magic-protected.
 You were sleep resistant.
 You had infravision.
 You were warded.
 You had free action.
 You are dead.

Miscellaneous:
 You didn't encounter any bones levels.
 Total elapsed playing time was 41 minutes and 33 seconds.

Major events:
 Turn
    1: Daltwisney the chaotic female elven Wizard entered the dungeon
  724: entered the Gnomish Mines
  726: attained the rank of Conjurer (level 3)
 2464: attained the rank of Thaumaturge (level 6)
 2655: killed by a wolf

Spells:
 Name                 Level Category     Fail Retention
 force bolt             1   attack         0%   81%-90%
 slow monster           2   enchantment    0%   81%-90%
 magic missile          2   attack         0%   81%-90%
 chain lightning        2   attack         0%  91%-100%
 haste self             3   escape        66%  76%-100%

Skills:
 Fighting Skills
   bare handed combat [Unskilled]
   riding             [Unskilled]
 Weapon Skills
   dagger             [Unskilled]
   knife              [Unskilled]
   axe                [Unskilled]
   short sword        [Unskilled]
   club               [Unskilled]
   mace               [Unskilled]
   quarterstaff       [Basic]
   polearms           [Unskilled]
   spear              [Unskilled]
   trident            [Unskilled]
   sling              [Unskilled]
   dart               [Unskilled]
   shuriken           [Unskilled]
 Spellcasting Skills
   attack spells      [Basic]
   healing spells     [Unskilled]
   divination spells  [Unskilled]
   enchantment spells [Basic]
   clerical spells    [Unskilled]
   escape spells      [Unskilled]
   matter spells      [Unskilled]

Voluntary challenges:
 Character rerolling was not enabled.
 You never genocided any monsters.
 You never polymorphed an object.
 You never changed form.
 You used no wishes.
Achievements:
 You entered the Gnomish Mines.
 You attained the rank of Conjurer.
 You attained the rank of Thaumaturge.

 The Dungeons of Doom: levels 1 to 3
    Level 1:
    Level 2:
    Level 3:
       A fountain.
       Stairs down to The Gnomish Mines.
 The Gnomish Mines: levels 4 to 6
    Level 4:
    Level 5:
    Level 6: <- You were here.
       Final resting place for
          you, killed by a wolf.


Vanquished creatures:
  5 gnome leaders
  a giant ant
  a kitten
  6 dwarves
  a rothe
  a werejackal
  3 iguanas
  a gas spore
  2 hobbits
  a giant rat
  5 cave spiders
  a green mold
 25 gnomes
  a gecko
  4 jackals
  3 goblins
  a sewer rat
  a grid bug
  4 bats
  a newt
68 creatures vanquished.

No species were genocided or became extinct.

Game over:
                       ----------
                      /          \
                     /    REST    \
                    /      IN      \
                   /     PEACE      \
                  /                  \
                  |    Daltwisney    |
                  |      41 Au       |
                  | killed by a wolf |
                  |                  |
                  |                  |
                  |                  |
                  |       2026       |
                 *|     *  *  *      | *
        _________)/\\_//(\/(/\)/\//\/|_)_______

Goodbye Daltwisney the Wizard...

You died in The Gnomish Mines on dungeon level 6 with 2095 points,
and 41 pieces of gold, after 2655 moves.
You were level 6 with a maximum of 41 hit points when you died.

